Cogmind - Beta 15 @@@ ROGUE MODE // 2025.05.18 @ 13:37:23 Player: Cess183 Result: Destroyed by S-10 Pest with Light Assault Rifle Performance ------------- Evolutions (0) 0 Regions Visited (1) 200 Robots Destroyed (6) 30 Value Destroyed (95) 95 Prototype IDs (0) 0 Alien Tech Used (0) 0 Bonus (0) 0 TOTAL SCORE: 325 Bonus ------- None Cogmind --------- Core Integrity 0/250 Matter 295/300 Energy 100/100 System Corruption 0% Temperature Cool (0) Movement Core (100) Ox1 Location -10/Materials Parts ------- > --- POWER (1) -------- (None) > --- PROPULSION (2) --- (None) > --- UTILITY (2) ------ (None) > --- WEAPON (2) ------- Heavy Hammer Heavy Hammer > --- INVENTORY (5) ---- Ion Engine Small Storage Unit Assault Rifle Light Assault Rifle Light Assault Rifle Peak State ------------ > --- POWER ------------ Light Ion Engine > --- PROPULSION ------- Aluminum Leg Aluminum Leg > --- UTILITY ---------- Improved Terrain Scanner Seismic Detector > --- WEAPON ----------- Heavy Hammer Heavy Hammer > --- INVENTORY -------- Ion Engine Small Storage Unit Assault Rifle Light Assault Rifle Light Assault Rifle [Rating: 11] Favorites ----------- Power Light Ion Engine Engine Light Ion Engine Propulsion Aluminum Leg Leg Aluminum Leg Utility Improved Terrain Scanner Device Improved Terrain Scanner Storage Small Storage Unit Weapon Light Assault Rifle Ballistic Gun Light Assault Rifle Impact Weapon Heavy Hammer Build | -11 -10 ------- Run | Yrd Mat Slots Evolved . | . . Power . | . . Propulsion . | . . Utility . | . . Weapon . | . . Parts Attached 10 | 8 2 Power 1 | 1 . Engine 1 | 1 . Core . | . . Reactor . | . . Propulsion 2 | 2 . Treads . | . . Leg 2 | 2 . Wheel . | . . Hover . | . . Flight . | . . Utility 3 | 3 . Device 2 | 2 . Storage 1 | 1 . Processor . | . . Hackware . | . . Protection . | . . Artifact . | . . Weapon 4 | 2 2 Energy Gun . | . . Energy Cannon . | . . Ballistic Gun 2 | 2 . Ballistic Cannon . | . . Launcher . | . . Special Weapon . | . . Impact Weapon 2 | . 2 Slashing Weapon . | . . Piercing Weapon . | . . Special Melee Weapon . | . . Unidentified Prototypes . | . . Parts Lost 5 | . 5 Power 1 | . 1 Propulsion 2 | . 2 Utility 2 | . 2 Weapon . | . . Highest Loss Streak 5 | . 5 To Critical Strikes . | . . Average Backups 3 | 2 4 Power . | . 1 Propulsion . | . . Utility . | . 1 Weapon 1 | . 2 Tool/Special . | . . Unused Backups 2 | . 2 Power 1 | . 1 Propulsion . | . . Utility . | . . Weapon 1 | . 1 Tool/Special . | . . Average Slot Usage (%) 91 | . 91 Engine 12 | . 12 Leg 25 | . 25 Device 24 | . 24 Ballistic Gun 3 | . 3 Impact Weapon 23 | . 23 Peak Build Rating 11 | 9 11 Average Rating 7 | 6 9 On Entrance 4 | . 9 Naked Turns . | . . Heaviest Build 11 | 11 11 Greatest Support 20 | 20 20 Greatest Overweight (x) 2 | 1 2 Average Overweight (x) . | . . Largest Inventory Capacity 8 | 8 5 Average Capacity 6 | 6 5 Most Carried 5 | 4 5 Average Carried 3 | 2 4 Final Capacity 5 | 5 5 Final Carried 5 | 3 5 Class Distribution -------------------- 100% | Mutant Dominant Class ---------------- Mutant | -10/Materials Resources | -11 -10 ----------- Run | Yrd Mat Matter Collected 290 | 290 . Remotely . | . . Salvage Created 232 | 152 80 Parts 15 | 12 3 Haulers Intercepted . | . . Recyclers Shooed . | . . Parts Field Recycled . | . . Retrieved Matter . | . . Parts Self-Destructed . | . . Prevented . | . . Kills | -11 -10 ------- Run | Yrd Mat Combat Hostiles Destroyed 2 | . 2 Melee 2 | . 2 Classes Destroyed 3 | 2 1 Tunneler 3 | 3 . Recycler 1 | 1 . Grunt 2 | . 2 Best Kill Streak 2 | 2 2 Combat Bots Only 2 | . 2 Max Kills in Single Turn 1 | 1 1 Gunslinging . | . . Exploded . | . . Melee 1 | . 1 Uniques/NPCs Destroyed . | . . Combat | -11 -10 -------- Run | Yrd Mat Hostile Shots Fired 81 | . 81 Missed 15 | . 15 Hits 66 | . 66 Projectile 66 | . 66 Damage Taken 625 | . 625 Core 254 | . 254 Absorbed by Shields . | . . Core Remaining (%) 100 | 100 . Volleys Fired 10 | 10 . Largest 2 | 2 . Hottest 40 | 40 . Shots Fired 20 | 20 . Gun 20 | 20 . Cannon . | . . Launcher . | . . Special . | . . Kinetic 20 | 20 . Thermal . | . . Explosive . | . . Electromagnetic . | . . Robot Hit Streak 9 | 9 . Robot Miss Streak 1 | 1 . Penetration Max . | . . Secondary Targets . | . . Shots Hit Robots 22 | 15 7 Core Hits 8 | 7 1 Critical Kills 1 | . 1 Critical Parts Destroyed 1 | . 1 Critical Strikes 2 | . 2 Smash 2 | . 2 Melee Attacks 14 | . 14 Impact 14 | . 14 Slashing . | . . Piercing . | . . Sneak Attacks . | . . Combat Hostiles . | . . Follow-up Attacks 2 | . 2 Damage Inflicted 367 | 121 246 Guns 121 | 121 . Cannons . | . . Explosions . | . . Melee 246 | . 246 Ramming . | . . Kinetic 121 | 121 . Thermal . | . . Explosive . | . . Electromagnetic . | . . Impact 246 | . 246 Slashing . | . . Piercing . | . . Highest Corruption . | . . Average Corruption . | . . Corruption Purged . | . . Corruption Blocked . | . . Overload Shots . | . . Overflow Damage 49 | . 49 Projectiles . | . . Explosions . | . . Melee 49 | . 49 Knockbacks 1 | . 1 Impact 1 | . 1 Kinetic . | . . Secondary . | . . Self-Inflicted Damage . | . . Shots . | . . Rammed . | . . Targets Rammed . | . . Kicked . | . . Crushed . | . . Highest Temperature . | . . Average Temperature . | . . Received Heat Transfer 168 | . 168 Siege Activations . | . . Martial Activations . | . . Shielding Activations . | . . Robots Disrupted . | . . Combat Hostiles . | . . Robots Corrupted . | . . Combat Hostiles . | . . Parts Fried 3 | . 3 Impact Corruptions 2 | . 2 Robots Melted . | . . Combat Hostiles . | . . Parts Melted . | . . Heat Transferred . | . . Parts Sabotaged . | . . Parts Stolen . | . . Parts Stripped . | . . Power Chain Reactions . | . . Alert | -11 -10 ------- Run | Yrd Mat Maximum Alert Level . | . . Low Security (%) 100 | 100 100 Level 1 . | . . Level 2 . | . . Level 3 . | . . Level 4 . | . . Level 5 . | . . High Security . | . . Max Security . | . . Peak Influence 30 | 10 30 Initial . | . . Average 1 | 1 1 Influence Increases 60 | 20 40 Destroy 0b10 Robot/C 40 | . 40 Destroy 0b10 Robot/NC 20 | 20 . Influence Decreases 30 | 20 10 Time Decay 20 | 20 . Lost Part 10 | . 10 Squads Dispatched . | . . Investigation . | . . Extermination . | . . Reinforcement . | . . Assault . | . . Garrison . | . . Intercept . | . . Searches Triggered . | . . Construction Impeded . | . . Haulers Reinforced . | . . Active Scanning Responses . | . . Cargo Convoy Interrupts . | . . Stealth | -11 -10 --------- Run | Yrd Mat Distress Signals 2 | . 2 Communications Jammed . | . . Distress Signals . | . . Times Spotted 9 | . 9 Peak Tracking Total 9 | . 9 Tactical Retreats . | . . Traps | -11 -10 ------- Run | Yrd Mat Traps Triggered . | . . Indirectly . | . . Trap Hack Attempts . | . . Triggered . | . . Disarmed . | . . Reprogrammed . | . . Reused . | . . Traps Extracted . | . . Installed . | . . Triggered . | . . Machines | -11 -10 ---------- Run | Yrd Mat Machines Disabled . | . . Max in Single Turn . | . . Machines Repaired . | . . Machines Dismantled . | . . Machines Sabotaged . | . . Overloaded Fab Kills . | . . Hacking | -11 -10 --------- Run | Yrd Mat Machines Accessed . | . . Terminals . | . . Fabricators . | . . Repair Stations . | . . Recycling Units . | . . Scanalyzers . | . . Garrison Access . | . . Total Hacks . | . . Successful . | . . Failed . | . . Catastrophic . | . . Database Lockouts . | . . Manual . | . . Terminals . | . . Fabricators . | . . Repair Stations . | . . Recycling Units . | . . Scanalyzers . | . . Garrison Access . | . . Terminal Hacks . | . . Fabricator Hacks . | . . Repair Station Hacks . | . . Recycling Unit Hacks . | . . Scanalyzer . | . . Garrison Access Hacks . | . . Unauthorized Hacks . | . . Terminals . | . . Fabricators . | . . Repair Stations . | . . Recycling Units . | . . Scanalyzers . | . . Garrison Access . | . . Data Cores Recovered . | . . Used . | . . Hacking Detections . | . . Full Trace Events . | . . Feedback Events . | . . Feedback Blocked . | . . Robot Schematics Acquired . | . . Robots Built . | . . Authchips . | . . Time . | . . Total Robot Build Rating . | . . Part Schematics Acquired . | . . Parts Built . | . . Authchips . | . . Time . | . . Total Part Build Rating . | . . Parts Repaired . | . . Time . | . . Parts Recycled . | . . Recycled Matter . | . . Retrieved Matter . | . . Retrieved Components . | . . Parts Scanalyzed . | . . Part Schematics Acquired . | . . Parts Damaged . | . . Bothacking | -11 -10 ------------ Run | Yrd Mat Used RIF Installer . | . . Robots Hacked . | . . Non-combat . | . . Combat . | . . Robot Hacks Applied . | . . Relay Couplers Released . | . . Fabnet Peak Effective % . | . . Robots Rewired . | . . Allies Hacked . | . . Hacks Repelled . | . . Allies | -11 -10 -------- Run | Yrd Mat Total Allies . | . . Largest Group . | . . Highest-Rated Group . | . . Highest-Rated Ally . | . . Total Orders . | . . Ally Attacks . | . . Total Damage . | . . Kills . | . . Allies Corrupted . | . . Allies Melted . | . . Intel | -11 -10 ------- Run | Yrd Mat Active Infowar (turns) 209 | 105 104 Terrain 198 | 105 93 Seismic 105 | 1 104 Robot Analysis Total . | . . Derelict Logs Recovered . | . . Drone Launches . | . . Drone Recoveries . | . . Exploration | -11 -10 ------------- Run | Yrd Mat Turns Passed 278 | 164 114 Spaces Moved 189 | 125 64 Core 45 | 43 2 Treads . | . . Legs 144 | 82 62 Wheels . | . . Hover . | . . Flight . | . . Fastest Speed 50 | 50 100 Average Speed 105 | 97 120 Slowest Speed 150 | 120 150 Overloaded Moves . | . . Propulsion Burnouts . | . . Robots Hopped . | . . Potential Cave-ins . | . . Cave-ins Triggered . | . . Exploration Rate (%) 10 | 5 15 Regions Visited 1 Branch Regions . Pre-discovered Areas . | . . Known Exits Taken . | . . Unknown Exits Taken 1 | 1 . Scrap Searched . | . . Spaces Dug . | . . Terrain Destroyed . | . . Melee . | . . Projectile . | . . AOE . | . . Terrain Rammed . | . . Walls Destroyed . | . . Machines Disabled . | . . Actions | -11 -10 --------- Run | Yrd Mat Total 228 | 148 80 Wait . | . . Move 188 | 124 64 Hop . | . . Pick Up 5 | 5 . Fast Attach 7 | 5 2 Attach 3 | 3 . Detach 3 | 1 2 Swap . | . . Drop . | . . Fire 10 | 10 . Melee 12 | . 12 Ram . | . . Kick . | . . Crush . | . . Escape Stasis . | . . Rewire . | . . Trap . | . . Miscellaneous . | . . Route ------- -11/Scrapyard -10/Materials History --------- Turn | Location | Event 17 | -11/Scrapyard | Discovered new exit (range 16) 165 | -11/Scrapyard | Entered Materials 271 | -10/Materials | Core integrity fell below 50% 276 | -10/Materials | Core integrity fell below 20% 279 | -10/Materials | Destroyed by S-10 Pest with Light Assault Rifle Last Messages --------------- 00275_ K-01 Serf collects debris. 00276_ G-34 Mercenary overheating. 00276_ K-01 Serf collects debris. 00277_ G-34 Mercenary heat damages Aluminum Leg. 00277_ R-06 Scavenger destroyed. 00277_ G-34 Mercenary overheating. 00277_ G-34 Mercenary suffers critical hit (Smash). 00277_ Destroyed Aluminum Leg. 00277_ G-34 Mercenary system corrupted by crushing effect. 00277_ Heat Sink fried. 00277_ Ion Engine fried. 00277_ Sml. Laser fried. 00277_ G-34 Mercenary destroyed. 00278_ G-34 Mercenary heat short circuits Sml. Laser. 00278_ G-34 Mercenary overheating. 00278_ K-01 Serf collects debris. 00279_ G-34 Mercenary overheating. Map ----- +----------------------------------------------------+ | | | | | | | | | | | | | | | | | | | | | | | | | | | ?#??????????????????????##???????????????????????? | | ????????????????????????! ? ?????????????????????? | | #??#??????#?????????# ?????????????????????? | | ??????????##????????# """ <"?????????????????????? | | #######????????#????# """ <"?????????????????????? | | !![[//#?????????????# """